 Dungeon Crawl Stone Soup version 0.27-a0-1193-g8631133539 (webtiles) character file.

Game seed: 6432609685780849994

76 rjrrt the Conjurer (level 4, 33/33 HPs)
             Began as a Draconian Conjurer on May 27, 2021.
             Quit the game on level 1 of the Dungeon.
             The game lasted 00:06:06 (2291 turns).

rjrrt the Conjurer (Draconian Conjurer)             Turns: 2291, Time: 00:06:06

Health: 33/33      AC:  5    Str:  9    XL:     4   Next: 12%
Magic:  7/7        EV: 12    Int: 20    God:
Gold:   80         SH:  0    Dex:  9    Spells: 6/7 levels left

rFire    . . .     SeeInvis .   a - +0 whip
rCold    . . .     Faith    .   (no shield)
rNeg     . . .     Spirit   .   (armour unavailable)
rPois    .         Reflect  .   (helmet restricted)
rElec    .         Harm     .   (no cloak)
rCorr    .         Rampage  .   (no gloves)
Will     .....                  (no boots)
Stlth    ++........             f - amulet of magic regeneration
HPRegen  0.11/turn              (no ring)
MPRegen  0.35/turn              (no ring)

@: no status effects
A: AC +5, unfitting armour, cold-blooded
a: no special abilities


You were on level 1 of the Dungeon.
You visited 1 branch of the dungeon, and saw 2 of its levels.

You collected 80 gold pieces.

Inventory:

Hand Weapons
 a - a +0 whip (weapon)
Missiles
 b - a throwing net
Jewellery
 f - an amulet of magic regeneration (around neck)
Scrolls
 c - a scroll of enchant weapon {unknown}
 d - a scroll of magic mapping {unknown}
Potions
 e - a potion of heal wounds {unknown}
 g - a potion of degeneration {unknown}


   Skills:
 + Level 0.1 Fighting
 + Level 0.2 Maces & Flails
 - Level 1.7 Dodging
 - Level 1.7 Stealth
 + Level 2.4 Spellcasting
 * Level 5.3 Conjurations


You had 6 spell levels left.
You knew the following spells:

 Your Spells              Type           Power      Damage    Failure   Level
a - Magic Dart            Conj           92%        1d7       1%          1

Your spell library contained the following spells:

 Spells                   Type           Power      Damage    Failure   Level
 Searing Ray              Conj           46%        3d4       2%          2
 Sandblast                Erth           4%         2d4       16%         1
 Dazzling Flash           Conj/Hex       26%        N/A       16%         3
 Stone Arrow              Conj/Erth      26%        3d8       16%         3
 Passwall                 Tmut/Erth      1%         N/A       22%         2
 Fulminant Prism          Conj/Hex       6%         3d7       45%         4
 Iskenderun's Mystic Bla  Conj/Tloc      13%        2d5       45%         4
 Petrify                  Tmut/Erth      2%         N/A       83%         4
 Lee's Rapid Deconstruct  Erth           1%         3d5*      99%         5


Dungeon Overview and Level Annotations

Branches:
Dungeon (2/15)

Altars:

Shops:
D:2 *

Annotations:
D:2 Sigmund


Innate Abilities, Weirdness & Mutations

Your plain brown scales are hard. (AC +5)
You cannot fit into any form of body armour.
You are cold-blooded and may be slowed by cold attacks.


Message History

Casting: Magic Dart (safe; 1% risk of failure)
Confirm with . or Enter, or press ? or * to list all spells.
Aiming: Magic Dart (safe; 1% risk of failure)
Press: ? - help, Shift-Dir - straight line, f/p - gnoll
Aim: a gnoll, wielding a +0 hand axe (heavily wounded, 100% to hit)
The magic dart hits the gnoll.
The gnoll is severely wounded.
Casting: Magic Dart (safe; 1% risk of failure)
Confirm with . or Enter, or press ? or * to list all spells.
Aiming: Magic Dart (safe; 1% risk of failure)
Press: ? - help, Shift-Dir - straight line, f/p - gnoll
Aim: a gnoll, wielding a +0 hand axe (severely wounded, 100% to hit)
The magic dart hits the gnoll.
The gnoll is almost dead.
Casting: Magic Dart (safe; 1% risk of failure)
Confirm with . or Enter, or press ? or * to list all spells.
Aiming: Magic Dart (safe; 1% risk of failure)
Press: ? - help, Shift-Dir - straight line, f/p - gnoll
Aim: a gnoll, wielding a +0 hand axe (almost dead, 100% to hit)
The magic dart hits the gnoll but does no damage.
The gnoll is almost dead.
A gnoll comes into view. It is wielding a +1 spear of venom.
Casting: Magic Dart (safe; 1% risk of failure)
Confirm with . or Enter, or press ? or * to list all spells.
Aiming: Magic Dart (safe; 1% risk of failure)
Press: ? - help, Shift-Dir - straight line, f/p - gnoll
Aim: a gnoll, wielding a +0 hand axe (almost dead, 100% to hit)
The magic dart hits the gnoll.
You kill the gnoll!
The gnoll shouts!
You have reached level 4!
You feel clever.
There is a stone staircase leading up here.
The gnoll hits you but does no damage.
You climb upwards.
There is a stone staircase leading down here.
Magic restored.
There is a stone staircase leading down here.
Okay, then.
Are you sure you want to abandon this character and quit the game? (Confirm with "yes".)

#######..#####.#
#..............#
#.####..######## #######.#
#..# #.......####..#
#.##..........#
#.##....###...##
#.###.#.###....############
#.###.#...@..(...[........#
#.......###....#.########.#
#####.#.# #.#.##.# #.#
##.#.###......# #.#
##.#........#### #.#
##.###.#####+## ##.# #.##
##.###...## ##...
##.###.###.....## #....
##..#.###.......## ##....


There were no monsters in sight!

Vanquished Creatures
  A gnoll (D:2)
  2 adders (D:2)
  2 dart slugs
  3 endoplasms
  A giant cockroach (D:1)
  2 hobgoblins
  7 jackals
  6 kobolds (D:1)
  3 quokkas (D:1)
  5 bats
  A frilled lizard (D:1)
  4 goblins
  2 rats
39 creatures vanquished.

Notes
Turn   | Place    | Note
-------+----------+-------------------------------------------
     0 | D:1      | rjrrt the Draconian Conjurer began the quest for the Orb.
     0 | D:1      | Reached XP level 1. HP: 14/14 MP: 3/3
   396 | D:1      | Found a faded altar of an unknown god.
   457 | D:1      | Reached XP level 2. HP: 20/20 MP: 3/5
  1643 | D:2      | Reached XP level 3. HP: 26/26 MP: 1/6
  1681 | D:2      | Noticed Sigmund
  1780 | D:2      | Reached skill level 5 in Conjurations
  2158 | D:2      | Found Synet's Assorted Antiques.
  2254 | D:2      | Reached XP level 4. HP: 33/33 MP: 2/7
  2291 | D:1      | Quit the game

Illustrated notes

Levels and vault maps discovered:
D:1:      tarquinn_simple_flora_water_f, layout_loops_corners,
          ebering_ecumenical_altar_sacrificial, serial_bayou_pond_d
D:2:      layout_rooms, serial_shops, nicolae_shop_competitors_out_of_business,
          uniq_robin, uniq_sigmund

Skill      XL: |  1  2  3 |
---------------+----------+-----
Conjurations   | 5 |  5.3
Fighting       | |  0.1
Maces & Flails | |  0.2
Dodging        | |  1.7
Stealth        | |  1.7
Spellcasting   | |  2.4

Action                   |  1- 3 |  4- 6 || total
-------------------------+-------+-------++-------
Melee: Whip              |    55 |       ||    55
       Tailslap          |     5 |       ||     5
 Cast: Magic Dart        |    79 |       ||    79
Armor: Skin              |    25 |     1 ||    26
Dodge: Dodged            |    52 |       ||    52

Table legend: (Time is in decaauts)
 A = Elapsed time spent in this place.
 B = Non-inter-level travel time spent in this place.
 C = Inter-level travel time spent in this place.
 D = Time resting spent in this place.
 E = Time spent auto-exploring this place.
 F = Levels seen in this place.
 G = Mean time per level.
                   A        B        C        D        E       F      G
               +--------+--------+--------+--------+--------+-----+--------+
         Total |   2303 |   2099 |    204 |    252 |   1454 |   2 | 1151.5 |
       Dungeon |   2303 |   2099 |    204 |    252 |   1454 |   2 | 1151.5 |
               +--------+--------+--------+--------+--------+-----+--------+

Top non-repeatable levels by time:
     D:1: 1919 daAuts
     D:2: 384 daAuts
